 Dungeon Crawl Stone Soup version 0.25.1-2-g60ff931df9 (console) character file.

Game seed: 10808235754805515895

88 Colgate the Charmwright (level 4, 19/26 HPs)
             Began as a Vampire Skald on Aug 22, 2020.
             Quit the game on level 2 of the Dungeon on Aug 23, 2020.
             The game lasted 00:23:33 (1989 turns).

Colgate the Charmwright (Vampire Skald)             Turns: 1989, Time: 00:23:33

Health: 19/26      AC:  0    Str:  8 (10) XL:     4   Next: 29%
Magic:  2/7        EV: 20    Int: 14 (16) God:
Gold:   35         SH:  0    Dex: 16 (18) Spells: 2/7 levels left

rFire    . . .     SeeInvis +   (weapon currently unavailable)
rCold    + + .     Gourm    .   (shield currently unavailable)
rNeg     + + +     Faith    .   (armour currently unavailable)
rPois    ∞         Spirit   .   (helmet currently unavailable)
rElec    .         Reflect  .   (cloak currently unavailable)
rCorr    .         Harm     .   (gloves currently unavailable)
MR       .....                  (boots currently unavailable)
Stlth    +++.......             (no amulet)
HPRegen  0.08/turn              (ring currently unavailable)
MPRegen  0.10/turn              (ring currently unavailable)

@: mildly poisoned (19 -> 19), bat-form, infused, flying, bloodless, very quick
A: tiny, no food, fangs 3, see invisible
a: Revivify, End Transformation


You were on level 2 of the Dungeon.
You were bloodless.
You were in vampire-bat-form.
You visited 1 branch of the dungeon, and saw 2 of its levels.

You collected 35 gold pieces.

Inventory:

Hand Weapons
 a - a +0 rapier (melded)
 b - a +0 hunting sling
 n - a +0 short sword
Missiles
 c - 43 bolts
 f - 27 arrows
 j - 67 stones (quivered)
 o - 40 sling bullets
Armour
 h - a +0 buckler (melded)
 k - a scarf of invisibility (melded)
 l - a +0 ring mail (melded)
 q - a +0 leather armour
Scrolls
 d - 4 scrolls of identify {unknown}
 e - 2 scrolls of remove curse {unknown}
 g - a scroll of fog {unknown}
 p - a scroll of magic mapping {unknown}
Potions
 i - a potion of brilliance {unknown}
 m - a potion of curing {unknown}
 r - a potion of haste {unknown}


   Skills:
 - Level 1.7 Fighting
 - Level 2.1 Short Blades
 - Level 1.0 Armour
 - Level 2.1 Dodging
 - Level 2.0 Spellcasting
 + Level 5.6 Charms


You had 2 spell levels left.
You knew the following spells:

 Your Spells              Type           Power        Failure   Level  Hunger
a - Infusion              Chrm           ###.         2%          1    N/A
b - Shroud of Golubria    Chrm/Tloc      #.....       12%         2    N/A
c - Song of Slaying       Chrm           ###.....     3%          2    N/A

Your spell library contained the following spells:

 Spells                   Type           Power        Failure   Level  Hunger
 Ozocubu's Armour         Chrm/Ice       #.......     22%         3    N/A
 Spectral Weapon          Hex/Chrm       #.......     22%         3    N/A

Dungeon Overview and Level Annotations

Branches:
Dungeon (2/15)

Altars:


Innate Abilities, Weirdness & Mutations

You do not eat.
You do not regenerate when monsters are visible.
You are frail without blood (-20% HP).
You can heal yourself when you bite living creatures.
You are immune to poison.
You have razor-sharp teeth.
You have supernaturally acute eyesight. (SInv)
((You can survive without breathing.))


Message History

The adder bites you. The adder closely misses you.
Now bloodless.
a - a +0 rapier (weapon)
Casting: Infusion (safe; 10% risk of failure)
Confirm with . or Enter, or press ? or * to list all spells.
You extend your infusion's duration.
The adder barely misses you. x2
Your shield and ring mail prevent you from hitting the adder.
The adder bites you.
You closely miss the adder. You block the adder's attack. x2
You closely miss the adder. The adder misses you.
You hit the adder! Your bite misses the adder.
The adder is severely wounded.
The adder bites you but does no damage.
You hit the adder.
You kill the adder!
You turn into a vampire bat.
Your +0 rapier melds into your body.
Your scarf of invisibility melds into your body.
Your +0 buckler melds into your body.
Your +0 ring mail melds into your body.
You feel weakened.
You feel dopey.
You feel clumsy.
Are you sure you want to abandon this character and quit the game? (Confirm with "yes".)

..........# #.#
#########.###.###
#.......†.....#
#.#####.†##.#.#
##.##.#.# #
#.##.#.#
##.##.####
#.##.#.#
....S....##.#
#.##.#.#
#####)##.##.#
#.##.#.# # #†##.#
#.##†#.. #b##.#
#.##.... #.##.#
#.###### #.##.#
#.# #.##.# #.#
#.##.######.#
###...........#
...........#######
############


There were no monsters in sight!

Vanquished Creatures
  A gnoll (D:1)
  3 adders (D:2)
  An ooze (D:2)
  3 dart slugs (D:1)
  A leopard gecko (D:2)
  A giant cockroach (D:2)
  7 goblins
  6 hobgoblins
  4 bats
  6 frilled lizards
  4 kobolds
  3 rats
40 creatures vanquished.

Notes
Turn   | Place    | Note
-------+----------+-------------------------------------------
     0 | D:1      | Colgate the Vampire Skald began the quest for the Orb.
     0 | D:1      | Reached XP level 1. HP: 16/16 MP: 3/3
   329 | D:1      | Reached XP level 2. HP: 22/22 MP: 0/5
   453 | D:1      | Reached skill level 4 in Charms
   574 | D:1      | Learned a level 2 spell: Shroud of Golubria
   622 | D:1      | Reached XP level 3. HP: 27/27 MP: 1/6
  1022 | D:1      | Learned a level 2 spell: Song of Slaying
  1403 | D:2      | Reached skill level 5 in Charms
  1543 | D:2      | Reached skill level 1 in Armour
  1857 | D:2      | Reached XP level 4. HP: 23/33 MP: 4/7
  1989 | D:2      | Quit the game

Illustrated notes

Levels and vault maps discovered:
D:1:      matt_arrival_spirals, layout_basic
D:2:      layout_loops_ring, lemuel_crystal_altar, first_ration

Skill      XL: |  1  2  3 |
---------------+----------+-----
Charms         | 4 5 |  5.6
Armour         | 1 |  1.0
Fighting       | |  1.7
Short Blades   | |  2.1
Dodging        | |  2.1
Spellcasting   | |  2.0

Action                   |  1- 3 |  4- 6 || total
-------------------------+-------+-------++-------
Melee: Short sword       |    57 |       ||    57
       Bite              |     7 |       ||     7
       Rapier            |    34 |     7 ||    41
 Fire: Hunting sling     |     8 |     5 ||    13
Throw: Stone             |    27 |       ||    27
 Cast: Infusion          |    17 |     2 ||    19
       Shroud of Golubri |     1 |       ||     1
       Song of Slaying   |     1 |       ||     1
 Abil: Bat Form          |       |     1 ||     1
       Exsanguinate      |       |     1 ||     1
Armor: Leather armour    |     4 |       ||     4
       Ring mail         |    21 |     6 ||    27
Dodge: Dodged            |    44 |     7 ||    51
Block: Buckler           |    12 |     2 ||    14
